 Dungeon Crawl Stone Soup version 0.30.2 (webtiles) character file.

Game seed: 7093693185164476236

130 porpoise the Caller (level 5, -11/28 HPs)
             Began as a Tengu Summoner on Feb 9, 2024.
             Mangled by Menkaure (21 damage)
             ... on level 4 of the Dungeon.
             The game lasted 00:12:58 (3192 turns).

porpoise the Caller (Tengu Summoner)                Turns: 3192, Time: 00:12:59

Health: -11/28     AC:  3    Str:  8    XL:     5   Next: 14%
Magic:  0/10       EV: 14    Int: 18    God:
Gold:   150        SH:  0    Dex: 14    Spells: 4/10 levels left

rFire   . . .        a - +0 short sword (vamp)
rCold   . . .        (no shield)
rNeg    . . .        l - +0 robe
rPois   .            (helmet restricted)
rElec   .            (no cloak)
rCorr   .            o - +0 pair of gloves
SInv    .            (boots unavailable)
Will    +....        (no amulet)
Stlth   ++           x - ring of willpower
HPRegen 0.24/turn    (no ring)
MPRegen 0.12/turn

%: no passive effects
@: flying quickly and evasively, quick
A: beak, talons 3, nimble flight
a: no special abilities


You were on level 4 of the Dungeon.
You visited 1 branch of the dungeon, and saw 4 of its levels.

You collected 150 gold pieces.

Inventory:

Hand Weapons
 a - a +0 vampiric short sword (weapon)
Missiles
 k - 6 poisoned darts (quivered)
Armour
 l - a +0 robe (worn)
 o - a +0 pair of gloves (worn)
Jewellery
 x - a ring of willpower (left hand)
Wands
 w - a wand of mindburst (7)
 y - a wand of iceblast (3)
Scrolls
 d - a scroll of teleportation {unknown}
 f - a scroll of vulnerability {unknown}
 g - a scroll of noise {unknown}
 h - a scroll of silence {unknown}
 i - a scroll of poison {unknown}
 j - a scroll of magic mapping {unknown}
 n - a scroll of torment {unknown}
 s - a scroll of blinking {unknown}
 t - a scroll of fog {unknown}
 v - a scroll of brand weapon {unknown}
Potions
 b - a potion of magic
 c - a potion of invisibility {unknown}
 e - 2 potions of mutation {unknown}
 m - 3 potions of heal wounds
 p - 4 potions of curing
 q - a potion of resistance {unknown}
 u - 2 potions of degeneration {unknown}
 z - a potion of lignification {unknown}


   Skills:
 - Level 2.1 Dodging
 + Level 3.0 Stealth
 * Level 3.3 Spellcasting
 * Level 6.1 Summonings


You had 4 spell levels left.
You knew the following spells:

 Your Spells              Type           Power      Damage    Failure   Level
a - Summon Small Mammal   Summ           100%       N/A       1%          1
b - Call Imp              Summ           50%        N/A       1%          2
c - Call Canine Familiar  Summ           25%        N/A       3%          3

Your spell library contained the following spells:

 Spells                   Type           Power      Damage    Failure   Level
 Summon Guardian Golem    Hex/Summ       14%        N/A       14%         3
 Ensorcelled Hibernation  Hex/Ice        4%         N/A       24%         2
 Passwall                 Tmut/Erth      1%         N/A       24%         2
 Summon Lightning Spire   Summ/Air       14%        N/A       41%         4
 Ignite Poison            Fire/Tmut/Pois 2%         N/A       43%         3
 Swiftness                Air            2%         N/A       43%         3
 Sticky Flame             Conj/Fire      2%         2d3       85%         4
 Ignition                 Fire           1%         3d3       100%        8


Dungeon Overview and Level Annotations

Branches:
Dungeon (4/15)
 Temple: D:4-7

Altars:
Fedhas
Sif Muna

Shops:
D:3 =

Annotations:
D:3 1 runed translucent door, 4298826198's ghost, weakling SpWr
D:4 Menkaure


Innate Abilities, Weirdness & Mutations

You have a beak for a mouth.
You have claws for feet.
Your magical nature lets you fly swiftly and evasively.


Message History

Menkaure mumbles drily.
Menkaure points at you and mumbles some strange words.
Your hound barely resists.
Your cerulean imp barely misses Menkaure.
Your hound barely misses Menkaure.
Menkaure hits your hound but does no damage.
Your cerulean imp hits Menkaure but does no damage.
Your hound bites Menkaure. x2; Menkaure closely misses your hound.
Your cerulean imp hits Menkaure with a -2 spear.
Your hound completely misses Menkaure.
Your cerulean imp barely misses Menkaure.
Your hound bites Menkaure.
Menkaure hits your hound!
Your hound closely misses Menkaure.
Your cerulean imp hits Menkaure but does no damage.
Your hound closely misses Menkaure.
Menkaure gestures wildly while chanting.
Menkaure seems to speed up.
Your cerulean imp completely misses Menkaure.
Your hound bites Menkaure.
Menkaure calls on the powers of darkness!
Your body is wracked with pain!
Your hound bites Menkaure but does no damage.
Your cerulean imp hits Menkaure with a -2 spear.
Menkaure hits your hound!!
Your hound dies!
Your hound's corpse disappears in a puff of smoke!
Your cerulean imp hits Menkaure with a -2 spear.
Casting: Call Canine Familiar (dangerous; 3% risk of failure)
Confirm with . or Enter, or press ? or * to list all spells.
Menkaure hits your hound! x2
Your hound dies!
Your hound's corpse disappears in a puff of smoke!
Your cerulean imp barely misses Menkaure.
Menkaure barely misses you.
You hit Menkaure. Your peck misses Menkaure.
Menkaure is almost destroyed.
Your cerulean imp hits Menkaure with a -2 spear.
Menkaure hits you!!
Ouch! That really hurt!
You die...

#.....###.######.
##.............
#...#.########.
#.#.#.#........#
#.....########.#
#####)#........#
##.#.########
######..#........#
..<.....########@#
######..#......M5#
##.#.######## #...
#####


You could see Menkaure (fast, ally target) and a friendly cerulean imp
(summoned).

Vanquished Creatures
  A worm (D:3)
  2 ball pythons
  4 bats
  An endoplasm (D:3)
  A goblin (D:1)
  3 hobgoblins
  2 quokkas
  2 frilled lizards (D:1)
  5 kobolds
  A rat (D:3)
22 creatures vanquished.

Vanquished Creatures (collateral kills)
  A hound (D:2)
  Terence (D:3)
  A gnoll (D:3)
  2 worms
  2 orcs
  3 ball pythons
  2 endoplasms
  A giant cockroach (D:4)
  6 goblins
  3 hobgoblins (D:3)
  2 quokkas
  3 bats
  3 frilled lizards
  3 kobolds (D:1)
  2 rats
35 creatures vanquished.

Grand Total: 57 creatures vanquished

Notes
Turn   | Place    | Note
-------+----------+-------------------------------------------
     0 | D:1      | porpoise the Tengu Summoner began the quest for the Orb.
     0 | D:1      | Reached XP level 1. HP: 10/10 MP: 4/4
   260 | D:1      | Reached skill level 5 in Summonings
   262 | D:1      | Reached XP level 2. HP: 13/15 MP: 1/6
   322 | D:1      | Learned a level 2 spell: Call Imp
   614 | D:1      | Reached XP level 3. HP: 19/19 MP: 7/7
   618 | D:1      | Learned a level 3 spell: Call Canine Familiar
  1031 | D:2      | Reached XP level 4. HP: 24/24 MP: 9/9
  1120 | D:2      | Found a faded altar of an unknown god.
  2098 | D:3      | Found a runed translucent door.
  2114 | D:3      | Noticed 4298826198's ghost (weakling SpWr)
  2870 | D:3      | Found a blossoming altar of Fedhas.
  2870 | D:3      | Found a shimmering blue altar of Sif Muna.
  2884 | D:3      | Noticed Terence
  2895 | D:3      | Killed Terence
  2896 | D:3      | Reached skill level 6 in Summonings
  2896 | D:3      | Gained mutation: Your magical nature lets you fly swiftly
                  | and evasively. [Tengu growth]
  2896 | D:3      | Reached XP level 5. HP: 28/28 MP: 3/10
  3065 | D:3      | Found Pofeesm's Jewellery Shop.
  3177 | D:4      | Noticed Menkaure
  3192 | D:4      | Mangled by Menkaure

Illustrated notes

Levels and vault maps discovered:
D:1:      dpeg_arrival_arbitrary_c, layout_basic
D:2:      layout_basic, ebering_ecumenical_altar_mist, serial_bayou_lake_a
D:3:      minmay_general_purpose_star, layout_basic,
          gammafunk_temple_overflow_elements, serial_shops, shop,
          hellmonk_ghost_happy_afterlife, uniq_terence
D:4:      layout_loops_ring, minivault_27, uniq_grinder, uniq_menkaure

Skill      XL: |  1  2  3  4 |
---------------+-------------+-----
Summonings     | 5 6 |  6.1
Spellcasting   | 3 |  3.3
Stealth        | 3 |  3.0
Dodging        | |  2.1

Action                     |  1- 3 |  4- 6 || total
---------------------------+-------+-------++-------
  Melee: Short sword       |    33 |    24 ||    57
         Kick              |     6 |     8 ||    14
         Dagger            |     1 |       ||     1
         Peck              |     4 |     2 ||     6
  Throw: Dart              |       |     1 ||     1
   Cast: Summon Small Mamm |    19 |     9 ||    28
         Call Imp          |     2 |    10 ||    12
         Call Canine Famil |     1 |    11 ||    12
    Use: Scroll            |       |     2 ||     2
   Stab: Sleeping          |     2 |     1 ||     3
         Distracted        |     1 |       ||     1
 Armour: Robe              |    14 |     7 ||    21
  Dodge: Dodged            |    20 |    15 ||    35
